 Dungeon Crawl Stone Soup version 0.30-a0-830-gfe289a77b0 (webtiles) character file.

Game seed: 1969844273061064744

630 crusatyr the Chiller (level 7, 0/46 HPs)
             Began as a Merfolk Ice Elementalist on Feb 28, 2023.
             Slain by Pikel
             ... wielding a +2 whip of flaming
              (1 damage)
             ... on level 5 of the Dungeon.
             The game lasted 00:12:57 (4553 turns).

crusatyr the Chiller (Merfolk Ice Elementalist)     Turns: 4553, Time: 00:12:57

Health: 0/46       AC:  8    Str:  9    XL:     7   Next: 48%
Magic:  1/13       EV: 17    Int: 16    God:
Gold:   235        SH:  0    Dex: 14    Spells: 7/14 levels left

rFire   . . .      SeeInvis .    v - +2 demon whip (elec)
rCold   . . .      Faith    .    (no shield)
rNeg    . . .      Spirit   .    a - +0 robe
rPois   .          Reflect  .    (no helmet)
rElec   .          Harm     .    (no cloak)
rCorr   .          Rampage  .    (no gloves)
Will    .....                    (no boots)
Stlth   ++                       (no amulet)
HPRegen 0.27/turn                m - +5 ring of evasion
MPRegen 0.13/turn                (no ring)

@: ice-armoured, freezing walls
A: (nimble swimmer 2), mertail
a: no special abilities


You were on level 5 of the Dungeon.
You visited 1 branch of the dungeon, and saw 5 of its levels.

You collected 235 gold pieces.

Inventory:

Hand Weapons
 e - a +0 dagger
 k - a +0 whip
 o - a +0 trident
 v - a +2 demon whip of electrocution (weapon)
Armour
 a - a +0 robe (worn)
Magical Staves
 s - a staff of earth
Jewellery
 m - a +5 ring of evasion (left hand)
Wands
 q - a wand of flame (30)
Scrolls
 c - a scroll of magic mapping {unknown}
 g - 3 scrolls of identify {unknown}
 h - a scroll of poison {unknown}
 i - a scroll of fog {unknown}
 j - 3 scrolls of summoning {unknown}
 l - a scroll of vulnerability {unknown}
 p - a scroll of fear {unknown}
 r - 2 scrolls of teleportation {unknown}
 t - 3 scrolls of noise {unknown}
 w - 2 scrolls of amnesia {unknown}
 x - a scroll of enchant weapon {unknown}
 y - a scroll of blinking {unknown}
Potions
 b - a potion of magic
 d - a potion of mutation {unknown}
 f - 2 potions of curing {unknown}
 n - a potion of flight {unknown}
 u - a potion of lignification {unknown}
 z - a potion of heal wounds {unknown}
 A - a potion of might {unknown}


   Skills:
 * Level 2.3 Maces & Flails
 - Level 4.4 Polearms
 - Level 2.6 Dodging
 - Level 3.1 Stealth
 + Level 4.0 Spellcasting
 + Level 6.5 Ice Magic


You had 7 spell levels left.
You knew the following spells:

 Your Spells              Type           Power      Damage    Failure   Level
a - Freeze                Ice            96%        1d10      1%          1
b - Frozen Ramparts       Ice            48%        1d8       3%          3
c - Ozocubu's Armour      Ice            24%        N/A       3%          3

Your spell library contained the following spells:

 Spells                   Type           Power      Damage    Failure   Level
 Slow                     Hex            12%        N/A       17%         1
 Static Discharge         Conj/Air       6%         2-3/arc   26%         2
 Summon Ice Beast         Ice/Summ       13%        N/A       41%         4
 Dazzling Flash           Conj/Hex       6%         N/A       45%         3
 Vhi's Electric Charge    Tloc/Air       6%         N/A       45%         3
 Metabolic Englaciation   Hex/Ice        6%         N/A       77%         5
 Iskenderun's Mystic Bla  Conj/Tloc      3%         2d3       86%         4
 Arcjolt                  Conj/Air       1%         1d11      99%         5
 Fireball                 Conj/Fire      1%         3d3       99%         5
 Lightning Bolt           Conj/Air       1%         1d12      99%         5
 Starburst                Conj/Fire      1%         6d3       100%        6


Dungeon Overview and Level Annotations

Branches:
Dungeon (5/15)
 Temple: D:4-7

Altars:

Annotations:
D:5 Pikel


Innate Abilities, Weirdness & Mutations

((You are very nimble when in or above water. (Stealth+, EV+, Speed+++)))
Your lower body shifts to a powerful aquatic tail in water.


Message History

The wall freezes Pikel.
Pikel completely misses you. The lemure misses you.
Casting: Freeze (safe; 1% risk of failure)
Confirm with . or Enter, or press ? or * to list all spells.
Aiming: Freeze (safe; 1% risk of failure)
Press: ? - help, Shift-Dir - straight line, f/p - Pikel
Aim: Pikel, wielding a +2 whip of flaming and wearing a +0 robe (heavily wounded)
You freeze Pikel.
Pikel is heavily wounded.
The wall freezes Pikel.
Pikel barely misses you. The lemure hits you but does no damage.
Casting: Freeze (safe; 1% risk of failure)
Confirm with . or Enter, or press ? or * to list all spells.
Aiming: Freeze (safe; 1% risk of failure)
Press: ? - help, Shift-Dir - straight line, f/p - Pikel
Aim: Pikel, wielding a +2 whip of flaming and wearing a +0 robe (severely wounded)
You freeze Pikel!
Pikel is almost dead.
The wall freezes Pikel.
Pikel hits you with a +2 whip of flaming.
* * * LOW HITPOINT WARNING * * *
Pikel burns you.
* * * LOW HITPOINT WARNING * * *
The lemure hits you but does no damage. The heat melts your icy armour.
Okay, then.
You closely miss Pikel. Your punch misses Pikel.
Pikel is almost dead.
The wall freezes Pikel but does no damage.
Pikel completely misses you. The lemure closely misses you.
You barely miss Pikel.
Pikel is almost dead.
The wall freezes Pikel but does no damage.
Pikel barely misses you. The lemure closely misses you.
You barely miss Pikel.
Pikel is almost dead.
The wall freezes Pikel but does no damage.
Pikel hits you with a +2 whip of flaming.
* * * LOW HITPOINT WARNING * * *
Pikel burns you.
You die...

###...## # ##...## .#
##...## .. # ##...##
.####.. ##...## .....^.
# ##...######...# #
##.........# #
#.......5.## .
#.......@K.#### ..
##..<######....######...
#...## #.............
#..## #.............
#### ##.............
#..............
#..........####
#.......K...#
#.........K..#


You could see Pikel and a lemure.

Vanquished Creatures
  Sigmund (D:2)
  A sky beast (D:3)
  3 lemures (D:5)
  A scorpion (D:4)
  An orc priest (D:4)
  Jessica (D:2)
  An iguana (D:5)
  Ijyb (D:2)
  Robin (D:2)
  8 adders
  5 worms
  2 dart slugs
  5 orcs
  7 endoplasms
  3 giant cockroaches
  27 goblins
  13 hobgoblins
  3 quokkas
  7 ball pythons
  5 bats
  3 frilled lizards
  9 kobolds
  9 rats
117 creatures vanquished.

Notes
Turn   | Place    | Note
-------+----------+-------------------------------------------
     0 | D:1      | crusatyr the Merfolk Ice Elementalist began the quest for
                  | the Orb.
     0 | D:1      | Reached XP level 1. HP: 13/13 MP: 3/3
   176 | D:1      | Reached XP level 2. HP: 19/19 MP: 1/5
   544 | D:1      | Got the Secrets of Hapless Fire
   583 | D:1      | Reached XP level 3. HP: 19/24 MP: 1/6
   655 | D:1      | Reached skill level 5 in Ice Magic
  1158 | D:2      | Noticed a great orb of eyes
  1160 | D:2      | Found a faded altar of an unknown god.
  1161 | D:2      | Noticed a golden eye
  1161 | D:2      | Noticed a shining eye
  1161 | D:2      | Noticed a floating eye
  1444 | D:2      | Reached XP level 4. HP: 20/30 MP: 7/7
  1580 | D:2      | Noticed Sigmund
  1669 | D:2      | Learned a level 3 spell: Frozen Ramparts
  1673 | D:2      | Learned a level 3 spell: Ozocubu's Armour
  1746 | D:2      | Noticed Ijyb
  1757 | D:2      | Killed Ijyb
  1758 | D:2      | Reached skill level 1 in Polearms
  1975 | D:2      | Killed Sigmund
  1976 | D:2      | Reached XP level 5. HP: 24/35 MP: 1/9
  1976 | D:2      | Reached XP level 6. HP: 28/41 MP: 1/10
  2123 | D:2      | Reached skill level 6 in Ice Magic
  2248 | D:2      | Identified the +0 helmet of the Big Bang {Dex+5}
  2248 | D:2      | Noticed Robin
  2261 | D:2      | Killed Robin
  2433 | D:2      | Noticed Jessica
  2447 | D:2      | Killed Jessica
  2886 | D:3      | Noticed a sky beast
  2891 | D:3      | Killed a sky beast
  2892 | D:3      | Reached skill level 1 in Maces & Flails
  2892 | D:3      | Reached XP level 7. HP: 46/46 MP: 5/12
  4380 | D:5      | Entered Level 5 of the Dungeon
  4499 | D:5      | Noticed Pikel
  4550 | D:5      | HP: 2/46 [Pikel/+2 whip of flaming (5)]
  4553 | D:5      | Slain by Pikel

Illustrated notes

Levels and vault maps discovered:
D:1:      saegor_arrival_fortress, layout_loops_ring, minmay_pentomino_u2
D:2:      kennysheep_the_goblin_king, layout_loops_ring,
          hellmonk_ecumenical_altar_watching_god, minmay_pentomino_pile,
          uniq_robin, uniq_sigmund, uniq_jessica
D:3:      layout_basic, minmay_misc_feat_room
D:4:      layout_gridville
D:5:      layout_cave_pods, nicolae_shop_self_help, uniq_crazy_yiuf_cottage,
          uniq_ijyb, uniq_prince_ribbit1, uniq_pikel

Skill      XL: |  1  2  3  4  5  6  7 |
---------------+----------------------+-----
Ice Magic      | 5 6 |  6.5
Stealth        | 3 |  3.1
Polearms       | 3 4 |  4.4
Spellcasting   | 3 4 |  4.0
Maces & Flails | 1 2 |  2.3
Dodging        | |  2.6

Action                     |  1- 3 |  4- 6 |  7- 9 || total
---------------------------+-------+-------+-------++-------
  Melee: Unarmed           |    24 |       |       ||    24
         Dagger            |    66 |     5 |       ||    71
         Punch             |     2 |     1 |       ||     3
         Whip              |     1 |       |       ||     1
         Trident           |       |    89 |       ||    89
         Demon whip        |       |     8 |   113 ||   121
   Cast: Freeze            |    40 |    26 |     5 ||    71
         Frozen Ramparts   |       |     2 |     4 ||     6
         Ozocubu's Armour  |       |     1 |     2 ||     3
  Evoke: Wand              |       |       |     1 ||     1
   Stab: Sleeping          |     4 |     5 |     8 ||    17
 Armour: Robe              |    22 |    10 |    13 ||    45
  Dodge: Dodged            |    74 |   117 |    93 ||   284

Table legend: (Time is in decaauts)
 A = Elapsed time spent in this place.
 B = Non-inter-level travel time spent in this place.
 C = Inter-level travel time spent in this place.
 D = Time resting spent in this place.
 E = Time spent auto-exploring this place.
 F = Levels seen in this place.
 G = Mean time per level.
                   A        B        C        D        E       F      G
               +--------+--------+--------+--------+--------+-----+--------+
         Total |   4537 |   4426 |    111 |     34 |   3312 |   5 |  907.4 |
       Dungeon |   4537 |   4426 |    111 |     34 |   3312 |   5 |  907.4 |
               +--------+--------+--------+--------+--------+-----+--------+

Top non-repeatable levels by time:
     D:2: 1562 daAuts
     D:1: 1081 daAuts
     D:4: 938 daAuts
     D:3: 782 daAuts
     D:5: 172 daAuts
